AoeStats
← noobgamer

Arabia

510533554Analyzed
1v1 RM · 20h ago on Oct 1, 2026· 52m 6s· 2 players
Game mode
Random Map
Map size
Tiny (2 player)
Population
200
Speed
Normal
Resources
Standard
Victory
Conquest
Starting age
Dark Age
Ending age
Imperial Age
RankedLock teamsTeams togetherTeam positionsShared explorationLock speedFull tech treeHidden civsTurbo modeCheats
Victory
Defeat
🇨🇳 Koreans · China
918
+17
🇳🇱 Japanese · Netherlands
942
-17
noobgamer
0:28 Loom
10:43 Feudal Age
11:58 Double-Bit Axe
12:05 Town Watch
16:05 Horse Collar
16:29 Fletching
24:54 Castle Age
25:20 Stone Mining
25:33 Bodkin Arrow
26:30 Bow Saw
26:22 Heavy Plow
27:05 Wheelbarrow
30:33 Forging
30:29 Scale Barding Armor
30:18 Gold Mining
31:24 Husbandry
33:12 Iron Casting
34:27 Chain Barding Armor
34:45 Hand Cart
34:43 Town Patrol
35:25 Eupseong
37:31 Gold Shaft Mining
37:45 Murder Holes
38:50 Stone Shaft Mining
38:48 Treadmill Crane
43:13 Imperial Age
40:32 Elite Skirmisher
42:41 Masonry
42:48 Masonry
43:50 Ballistics
45:54 Chemistry
45:25 Architecture
47:03 Shinkichon
47:48 Conscription
47:57 Bracer
48:47 Heavy Rocket Cart
50:41 Light Cavalry
51:35 Elite War Wagon
carloslhc3809
6:04 Loom
11:05 Feudal Age
12:23 Double-Bit Axe
23:43 Castle Age
22:08 Gold Mining
22:47 Horse Collar
23:35 Stone Mining
25:43 Gold Shaft Mining
27:00 Fletching
28:26 Padded Archer Armor
28:22 Bodkin Arrow
32:36 Leather Archer Armor
41:16 Imperial Age
39:24 Wheelbarrow
38:38 Town Watch
40:04 Forging
40:09 Thumb Ring
41:08 Guard Tower
41:42 Ballistics
42:36 Parthian Tactics
43:30 Chemistry
43:34 Heavy Plow
44:57 Bow Saw
45:17 Conscription
45:33 Scale Barding Armor
46:04 Iron Casting
45:01 Heavy Cavalry Archer
47:51 Bloodlines
47:02 Light Cavalry
47:43 Husbandry
50:43 Ring Archer Armor
52:48 Chain Barding Armor
Connection lost

Rejoining the realm…

Still unreachable

The connection could not be restored.

Session expired

The server has moved on; the page needs a fresh start.